 Dungeon Crawl Stone Soup version 0.30.1-4-g462c640d31 (webtiles) character file.

Game seed: 15132258248038731107

54324 croobank the Spry (level 14, -8/72 HPs)
             Began as a Felid Summoner on Sept 14, 2023.
             Was an Initiate of Gozag.
             Mangled by a jumping spider (17 damage)
             ... summoned by a broodmother
             ... on level 2 of the Lair of Beasts.
             The game lasted 02:35:02 (34928 turns).

croobank the Spry (Felid Summoner)                 Turns: 34928, Time: 02:35:03

Health: -8/72      AC:  3    Str: 10    XL:     14   Next: 34%
Magic:  19/29      EV: 15    Int: 22    God:    Gozag
Gold:   1141       SH:  0    Dex: 16    Spells: 2/34 levels left
                                        Lives:  0   Deaths: 3

rFire   + + .        (weapon unavailable)
rCold   + . .        (shield unavailable)
rNeg    + . .        (body armour unavailable)
rPois   +            (helmet unavailable)
rElec   .            (cloak unavailable)
rCorr   +            (gloves unavailable)
SInv    +            (boots unavailable)
Will    +....        x - amulet of reflection
Stlth   ++           C - ring of Rodaoddi {rPois rF++ Will- rCorr Str+6 SInv}
HPRegen 0.32/turn    b - ring of positive energy
MPRegen 0.21/turn

%: reflection
@: held, studying Summonings, invisible, quick
A: very small, claws 1, fangs 3, see invisible, speed 1, shaggy fur 3, stealthy
paws, no weapons or thrown items, no armour, multi-lived
a: Renounce Religion, Potion Petition, Call Merchant, Bribe Branch


You were on level 2 of the Lair of Beasts.
You worshipped Gozag.
Gozag was most pleased with you.
You visited 6 branches of the dungeon, and saw 25 of its levels.
You also visited: Sewer and Bailey.

You collected 9782 gold pieces.
You spent 3538 gold pieces at shops.
You paid 5103 gold pieces to Gozag.

Inventory:

Jewellery
 b - a ring of positive energy (right paw)
 d - a ring of willpower
 h - a +6 ring of intelligence
 i - a ring of protection from fire
 q - the ring of Loufoumn {rC+ Will+}
   (You bought it in a shop on level 2 of the Orcish Mines)

   [ring of protection from cold]

   rC:        It protects you from cold.
   Will:      It increases your willpower.
 t - a +6 ring of dexterity
 u - a ring of wizardry
 x - an amulet of reflection (around neck)
 y - a +6 ring of intelligence
 A - a ring of positive energy
 B - a +6 ring of strength
 C - the ring of Rodaoddi (left paw) {rPois rF++ Will- rCorr Str+6 SInv}
   (You bought it in a shop on level 6 of the Dungeon)

   [ring of strength]

   Str:       It affects your strength (+6).
   rF:        It greatly protects you from fire.
   rPois:     It protects you from poison.
   SInv:      It lets you see invisible.
   rCorr:     It protects you from acid and corrosion.
   Will:      It decreases your willpower.
 E - a +5 ring of evasion
 H - a ring of fire
 M - an amulet of the acrobat
Wands
 c - a wand of digging (5)
 s - a wand of quicksilver (9)
 D - a wand of flame (50)
 F - a wand of roots (4)
 L - a wand of paralysis (10)
 T - a wand of polymorph (4)
Scrolls
 l - 7 scrolls of silence
 n - 5 scrolls of fog
 r - 5 scrolls of teleportation
 w - 2 scrolls of noise
 I - a scroll of poison
 J - 2 scrolls of magic mapping
 O - 5 scrolls of identify
 P - a scroll of blinking
 Q - 3 scrolls of vulnerability
 S - a scroll of amnesia
Potions
 a - 5 potions of magic
 e - 4 potions of attraction
 f - 9 potions of curing
 g - 4 potions of might
 j - 4 potions of mutation
 k - 2 potions of brilliance
 m - 4 potions of flight
 o - a potion of cancellation
 p - 3 potions of resistance
 v - a potion of invisibility
 z - 4 potions of berserk rage
 G - 5 potions of lignification
 K - a potion of heal wounds
 N - 3 potions of haste
Miscellaneous
 U - a phantom mirror


   Skills:
 - Level 14.8 Fighting
 - Level 19.0 Dodging
 - Level 3.1 Stealth
 + Level 10.6 Spellcasting
 - Level 5.2 Conjurations
 - Level 5.0 Hexes
 - Level 14.6 Summonings
 + Level 0.0 Transmutations
 + Level 8.9 Air Magic


You had 2 spell levels left.
You knew the following spells:

 Your Spells              Type           Power      Damage    Failure   Level
a - Summon Small Mammal   Summ           100%       N/A       0%          1
b - Call Imp              Summ           100%       N/A       1%          2
c - Call Canine Familiar  Summ           66%        N/A       1%          3
d - Summon Guardian Gole  Hex/Summ       53%        N/A       1%          3
e - Summon Lightning Spi  Summ/Air       59%        N/A       1%          4
f - Airstrike             Air            25%        2d(4-20)  1%          4
g - Ozocubu's Armour      Ice            11%        N/A       17%         3
h - Arcjolt               Conj/Air       21%        1d31      9%          5
i - Storm Form            Tmut/Air       15%        N/A       100%        7

Your spell library contained the following spells:

 Spells                   Type           Power      Damage    Failure   Level
 Magic Dart               Conj           100%       1d8       1%          1
 Shock                    Conj/Air       100%       1d9       1%          1
 Apportation              Tloc           22%        N/A       6%          1
 Sublimation of Blood     Necr           11%        N/A       9%          2
 Swiftness                Air            50%        N/A       1%          3
 Mephitic Cloud           Conj/Pois/Air  32%        N/A       2%          3
 Vhi's Electric Charge    Tloc/Air       62%        N/A       2%          3
 Hailstorm                Conj/Ice       23%        3d7       6%          3
 Gell's Gravitas          Tloc           11%        N/A       17%         3
 Teleport Other           Tloc           11%        N/A       17%         3
 Irradiate                Conj/Tmut      11%        3d15      47%         5
 Ice Form                 Ice/Tmut       11%        N/A       50%         4
 Petrify                  Tmut/Erth      11%        N/A       50%         4
 Metabolic Englaciation   Hex/Ice        11%        N/A       50%         5
 Plasma Beam              Fire/Air       15%        2x1d29    80%         6
 Alistair's Intoxication  Tmut/Pois      7%         N/A       85%         5
 Dispersal                Tloc           5%         N/A       100%        6
 Borgnjor's Revivificati  Necr           5%         N/A       100%        8
 Maxwell's Capacitive Co  Air            25%        ∞         100%        8
 Necromutation            Tmut/Necr      5%         N/A       100%        8
 Death's Door             Necr           5%         N/A       100%        9
 Simulacrum               Ice/Necr       Unusable   N/A       N/A         6

Dungeon Overview and Level Annotations

Branches:
Dungeon (15/15)            Temple (1/1) D:4            Lair (5/5) D:10
 Shoals (0/4) Lair:3       Spider (1/4) Lair:2        Slime (0/5) Lair:5
    Orc (2/2) D:12            Elf (1/3) Orc:2        Vaults (0/5) D:14
  Sewer (visited)          Bailey (visited)
 Depths: D:15

Altars:
Ashenzari
Cheibriados
Dithmenos
Elyvilon
Fedhas
Gozag
Hepliaklqana
Kikubaaqudgha
Makhleb
Nemelex Xobeh
Okawaru
Qazlal
Ru
Sif Muna
Trog
Uskayaw
Vehumet
Wu Jian
Xom
Yredelemnul
Zin
The Shining One
Jiyva

Shops:
D:3 !   D:6 =   D:9 [   D:10 (   D:13 [[(([   Orc:1 *([[   Orc:2 [(::*=
Lair:2 **

Annotations:
D:4 2 runed translucent doors, Crazy Yiuf


Innate Abilities, Weirdness & Mutations

You have sharp claws.
You have razor-sharp teeth.
You have supernaturally acute eyesight. (SInv)
You cover ground quickly. (Speed+)
Your thick and shaggy fur keeps you warm. (AC +3, rC+)
Your paws help you pounce on unaware monsters.
You are incapable of wielding weapons or throwing items.
You cannot wear armour.
You gain extra lives every three experience levels.


Message History

The jumping spider pounces on you!
The jumping spider completely misses you.
Aiming: Quicksilver Bolt
Press: ? - help, Shift-Dir - straight line, f - tarantella, p - broodmother
Aim: a tarantella (almost dead, summoned, 57% to hit)
The bolt of dispelling energy hits the broodmother!
The broodmother is moderately wounded.
The bolt of dispelling energy hits the tarantella!
You kill the tarantella!
The tarantella's corpse disappears in a puff of smoke!
The tarantella completely misses you. The jumping spider barely misses you.
You block the jumping spider's attack. You block the tarantella's attack.
Aiming: Paralyse
Press: ? - help, Shift-Dir - straight line, f - broodmother
Aim: a broodmother (moderately wounded, chance to affect: 17%)
Okay, then.
Okay, then.
You fade into invisibility!
The wolf spider closely misses you. The wolf spider barely misses you.
The broodmother bites you!!
* * * LOW HITPOINT WARNING * * *
A spider bursts forth from the wound!
The tarantella completely misses you. The wolf spider completely misses you.
The wolf spider misses you. The jumping spider pounces on you.
* * * LOW HITPOINT WARNING * * *
You are caught in a web!
The jumping spider bites you.
* * * LOW HITPOINT WARNING * * *
The broodmother closely misses you.
You struggle to detach yourself from the web.
The tarantella barely misses you. The jumping spider pounces on you.
* * * LOW HITPOINT WARNING * * *
The jumping spider misses you. The wolf spider closely misses you.
The wolf spider barely misses you.
The tarantella touches you but does no damage.
The orb spider begins to weave its threads into a brightly glowing ball.
The broodmother closely misses you.
You struggle to detach yourself from the web.
The jumping spider pounces on you!
You die...
Your body crumbles into a pile of gold.

.....#.....## ####.P#........
.....###....# #..............
.(...##.....# #.............#
.....#.....## ###...##.......##
.P.........######.#...##.#......#
..............##P................
..............#..................
.#...............ss..s...........
.#..#P.........s@s^..............
P...########....ss...^...........
....# #...^.^^.^^............
....# #..^^^^^..^^...........
..#.# #..^^^^^^.^^.....(.....
..#########.....∩∩>^^^^..........
#.##.##......^^.^^^.^.^..........
....##.......^^^^^..^^...........
#....#.........^^^^^..^........##


You could see a broodmother (unable to see you), a wolf spider (summoned, unable
to see you), an orb spider (summoned, charged, unable to see you), 2 jumping
spiders and 2 tarantellas.

Vanquished Creatures
  3 vault guards (D:14)
  2 centaur warriors (D:14)
  2 boulder beetles (D:14)
  A death yak (Lair:4)
  An orc high priest (Orc:2)
  Sonja (Orc:1)
  A deep elf zephyrmancer (Orc:2)
  An orc sorcerer (D:12)
  A shining eye (shapeshifter) (D:11)
  An elephant (Lair:4)
  A molten gargoyle (Lair:5)
  A komodo dragon (Lair:1)
  A culicivora (Lair:2)
  A slime creature (D:12)
  2 yaks
  A steam dragon (D:8)
  A centaur (D:14)
  2 killer bees (D:7)
  5 electric eels
  A hound (D:5)
  An orc wizard (D:4)
  A white imp (D:6)
  A dart slug (D:1)
  4 orcs
  A giant cockroach (D:2)
  A hobgoblin (D:3)
  A ball python (D:3)
  A bat (D:12)
41 creatures vanquished.

Vanquished Creatures (collateral kills)
  Jorgrun (Orc:2)
  An orc warlord (Orc:2)
  A fire dragon (Lair:5)
  A vault guard (D:14)
  Erolcha (D:11)
  A rakshasa (D:14)
  Erica (Orc:1)
  A boulder beetle (D:11)
  2 centaur warriors
  2 two-headed ogres
  5 death yaks
  A skeletal warrior (D:14)
  3 skysharks
  2 orc knights
  A harpy (shapeshifter) (D:15)
  A deep elf pyromancer (Orc:2)
  A mana viper (shapeshifter) (D:11)
  3 orc sorcerers (Orc:2)
  4 manticores
  3 cyclopes
  14 ugly things
  6 black mambas
  3 elephants
  2 molten gargoyles (Lair:5)
  A water nymph (Lair:3)
  7 cane toads
  3 kobold demonologists
  The ghost of spardeous the Conjurer, a novice DgCj (D:6)
  Maggie (Lair:1)
  2 rime drakes
  8 komodo dragons
  3 unseen horrors
  An efreet (D:14)
  2 polar bears
  A queen bee (shapeshifter) (D:11)
  A hornet (D:11)
  5 trolls
  5 dream sheep (Lair:5)
  10 blink frogs
  7 slime creatures
  5 shadows
  2 vampires
  9 wraiths
  A culicivora (Lair:2)
  A water elemental (D:12)
  44 yaks
  5 wyverns
  8 basilisks
  6 vampire mosquitoes
  A steam dragon (D:9)
  4 wargs
  9 water moccasins
  2 acid dragons
  4 hell hounds (Lair:5)
  5 black bears
  28 orc warriors
  A swamp drake (Orc:2)
  2 ice beasts (D:7)
  13 centaurs
  5 ogres
  9 wolves
  4 phantoms
  Blork the orc (Orc:2)
  7 bullfrogs
  3 kobold brigands
  A gnoll sergeant (D:10)
  14 wights
  15 killer bees
  7 howler monkeys
  5 lava snakes (Lair:5)
  A crimson imp (Orc:2)
  3 hounds
  12 orc priests
  A sleepcap (D:5)
  7 jellies
  An iron imp (Orc:2)
  Natasha (twice) (D:4)
  2 iguanas
  15 orc wizards
  14 gnolls
  9 adders
  A shadow imp (Orc:2)
  4 white imps
  2 ufetubi (D:5)
  3 worms
  75 orcs
  17 endoplasms
  6 giant cockroaches
  16 goblins
  7 hobgoblins
  11 jackals
  13 quokkas
  11 ball pythons
  2 bats (D:1)
  9 frilled lizards
  A jackal zombie (D:4)
  16 kobolds
  A kobold skeleton (D:4)
  A kobold zombie (D:4)
  4 rats (D:1)
607 creatures vanquished.

Vanquished Creatures (others)
  A sphinx (D:11)
  A storm dragon (D:11)
  Josephine (Lair:4)
  An ice dragon (Lair:4)
  4 hydras
  2 catoblepae
  An ogre mage (D:15)
  2 boulder beetles (D:11)
  2 centaur warriors (D:14)
  4 two-headed ogres
  2 tengu warriors
  3 death yaks (Lair:4)
  An orc high priest (Bailey)
  A skyshark (Lair:4)
  2 orc knights (Orc:2)
  A lindwurm (Lair:5)
  13 ugly things
  The ghost of laqueoix the Cudgeller, a novice GrFi of Okawaru (D:7)
  A black mamba (Lair:4)
  5 elephants
  A gargoyle (D:12)
  2 rime drakes (Lair:4)
  A polar bear (Lair:4)
  A hornet (D:11)
  4 trolls
  2 blink frogs
  6 slime creatures
  A water elemental (D:12)
  A wyvern (Lair:4)
  18 yaks
  2 wargs
  An acid dragon (D:14)
  2 water moccasins
  Duvessa (D:6)
  5 orc warriors
  A black bear (D:7)
  2 ogres
  A wolf (Lair:4)
  A boggart (D:11)
  3 centaurs
  4 bullfrogs
  2 wights (D:7)
  Dowan (D:6)
  10 killer bees
  A howler monkey (D:11)
  An orc priest (Orc:1)
  2 orc wizards
  A gnoll (D:7)
  A shadow imp (D:7)
  6 orcs
  2 goblins (Bailey)
  A kobold (D:7)
137 creatures vanquished.

Grand Total: 785 creatures vanquished

Notes
Turn   | Place    | Note
-------+----------+-------------------------------------------
     0 | D:1      | croobank the Felid Summoner began the quest for the Orb.
     0 | D:1      | Reached XP level 1. HP: 7/7 MP: 4/4
   212 | D:1      | Reached skill level 3 in Dodging
   212 | D:1      | Reached XP level 2. HP: 8/11 MP: 1/6
   287 | D:1      | Learned a level 2 spell: Call Imp
  1000 | D:2      | Reached XP level 3. HP: 15/15 MP: 3/7
  1004 | D:2      | Learned a level 3 spell: Call Canine Familiar
  1492 | D:2      | Reached skill level 1 in Fighting
  1618 | D:2      | Reached skill level 1 in Hexes
  1863 | D:3      | Reached XP level 4. HP: 19/19 MP: 2/8
  2573 | D:3      | Found Sobud's Distillery.
  2576 | D:3      | Bought a potion of heal wounds for 65 gold pieces
  2817 | D:4      | Noticed Natasha
  2825 | D:4      | Killed Natasha
  2830 | D:4      | Identified the +0 robe of Cyuz {Dex+3}
  2933 | D:4      | Noticed a black bear
  2954 | D:4      | Killed a black bear
  2955 | D:4      | Reached skill level 4 in Dodging
  2955 | D:4      | Reached XP level 5. HP: 22/22 MP: 5/10
  2959 | D:4      | Learned a level 3 spell: Summon Guardian Golem
  3282 | D:4      | Found a staircase to the Ecumenical Temple.
  3578 | D:4      | Found a runed translucent door.
  3579 | D:4      | Noticed Crazy Yiuf
  3715 | D:4      | Noticed Natasha
  3723 | D:4      | Killed Natasha
  3724 | D:4      | Gained mutation: You are covered in thick fur. (AC +2)
                  | [Felid growth]
  3724 | D:4      | Reached XP level 6. HP: 26/26 MP: 1/11
  4004 | D:4      | Found a runed translucent door.
  4004 | D:4      | Found a basalt altar of Yredelemnul.
  4004 | D:4      | Noticed a human
  4298 | D:4      | Reached skill level 5 in Summonings
  4531 | D:5      | Entered Level 5 of the Dungeon
  4573 | Temple   | Entered the Ecumenical Temple
  4580 | Temple   | Became a worshipper of Gozag Ym Sagoz the Greedy
  4699 | D:5      | Reached skill level 5 in Dodging
  4706 | D:5      | Reached XP level 7. HP: 31/31 MP: 5/13
  4781 | D:5      | Identified the +1 dagger of the Inferno {drain, Int+2}
  4942 | D:5      | Found a shadowy altar of Dithmenos.
  4949 | D:5      | Learned a level 4 spell: Summon Lightning Spire
  4949 | D:5      | Found a sacrificial altar of Ru.
  5106 | D:5      | Reached skill level 1 in Air Magic
  5154 | D:5      | Reached skill level 6 in Dodging
  5154 | D:5      | Reached skill level 5 in Hexes
  5351 | D:5      | Found a blossoming altar of Fedhas.
  5418 | D:5      | Reached XP level 8. HP: 36/36 MP: 6/15
  6088 | D:5      | Found a hide-covered altar of Uskayaw.
  6088 | D:5      | Noticed a +0 short sword
  6089 | D:5      | Noticed a +0 short sword
  6089 | D:5      | Noticed a +0 spear
  6097 | D:5      | Reached skill level 7 in Dodging
  6097 | D:5      | Noticed a +0 falchion
  6108 | D:5      | Noticed a +0 spear
  6113 | D:5      | Noticed a +0 dagger
  6139 | D:5      | Noticed a +0 dagger
  6140 | D:5      | Noticed a +0 falchion
  6399 | D:6      | Identified a scroll of acquirement
  6399 | D:6      | Acquired a +6 ring of intelligence
  6402 | D:6      | Noticed a two-headed ogre
  6414 | D:6      | Killed a two-headed ogre
  6415 | D:6      | Reached skill level 5 in Fighting
  6415 | D:6      | Reached skill level 5 in Spellcasting
  6415 | D:6      | Reached XP level 9. HP: 22/40 MP: 9/17
  6561 | D:6      | Found a runed translucent gate.
  6561 | D:6      | Found a runed translucent gate.
  6562 | D:6      | Found a runed translucent gate.
  6564 | D:6      | Noticed spardeous's ghost (novice DgCj)
  6701 | D:6      | Found a glowing drain.
  6719 | Sewer    | Entered a sewer
  7519 | Sewer    | Reached skill level 8 in Dodging
  7707 | D:6      | Found Laodyck's Jewellery Boutique.
  7718 | D:6      | Bought the ring of Rodaoddi {rPois rF++ Will- rCorr Str+6
                  | SInv} for 773 gold pieces
  7804 | D:6      | Noticed Duvessa
  7830 | D:6      | Noticed Dowan
  7833 | D:6      | Killed Duvessa
  7843 | D:6      | Killed Dowan
  8200 | D:6      | Killed spardeous's ghost
  8367 | D:7      | Found a bloodstained altar of Trog.
  8958 | D:7      | Found a runed translucent door.
  8958 | D:7      | Noticed laqueoix's ghost (novice GrFi)
  8994 | D:7      | Killed laqueoix's ghost
  8995 | D:7      | Reached skill level 9 in Dodging
  8995 | D:7      | Reached XP level 10. HP: 45/45 MP: 1/20
 10160 | D:8      | Found a radiant altar of Vehumet.
 10172 | D:8      | Reached skill level 5 in Air Magic
 10351 | D:8      | Found a flagged portal.
 10414 | Bailey   | Entered a bailey
 10699 | Bailey   | Found an iron altar of Okawaru.
 10703 | Bailey   | Noticed a smoke demon
 10707 | Bailey   | Noticed an orc high priest
 10729 | Bailey   | Noticed a rust devil
 10754 | Bailey   | Killed an orc high priest
 10755 | Bailey   | Reached skill level 10 in Dodging
 10773 | Bailey   | Noticed a sixfirhy
 10779 | Bailey   | HP: 1/47 [sixfirhy[a kobold demonologist] (10)]
 11342 | Bailey   | Killed from afar by an electric eel
 11343 | Bailey   | Reached XP level 9. HP: -1/43 MP: 20/20
 11348 | Bailey   | Learned a level 4 spell: Airstrike
 11961 | D:8      | Reached XP level 10. HP: 47/47 MP: 16/21
 12405 | D:9      | Acquired 1131 gold pieces
 12474 | D:9      | Found Elout's Armour Shop.
 13138 | D:10     | Entered Level 10 of the Dungeon
 13203 | D:10     | Found a staircase to the Lair.
 13512 | D:10     | Reached skill level 11 in Dodging
 13969 | D:10     | Reached XP level 11. HP: 42/51 MP: 13/23
 14203 | D:10     | Learned a level 3 spell: Ozocubu's Armour
 14218 | D:10     | Found Towid's Weapon Boutique.
 14686 | D:11     | Noticed a boulder beetle
 14721 | D:11     | Killed a boulder beetle
 14818 | D:11     | Noticed a tengu warrior
 14829 | D:11     | Killed a tengu warrior
 14992 | D:11     | Noticed a two-headed ogre
 15003 | D:11     | Killed a two-headed ogre
 15131 | D:11     | Reached skill level 12 in Dodging
 15180 | D:11     | Noticed a sphinx
 15199 | D:11     | Noticed a storm dragon
 15200 | D:11     | Killed a sphinx
 15201 | D:11     | Reached skill level 10 in Summonings
 15221 | D:11     | Killed a storm dragon
 15224 | D:11     | Noticed Erolcha
 15256 | D:11     | Killed Erolcha
 15309 | D:11     | Gained mutation: Your thick and shaggy fur keeps you warm.
                  | (AC +3, rC+) [Felid growth]
 15309 | D:11     | Reached XP level 12. HP: 55/57 MP: 16/26
 15357 | D:11     | Noticed a boulder beetle
 15370 | D:11     | Killed a boulder beetle
 15565 | D:11     | Reached skill level 13 in Dodging
 15565 | D:11     | Noticed a centaur warrior
 15605 | D:11     | Noticed a boulder beetle
 15615 | D:11     | Killed a boulder beetle
 15628 | D:11     | Reached skill level 10 in Fighting
 16266 | Lair:1   | Entered Level 1 of the Lair of Beasts
 16332 | Lair:1   | Noticed Maggie
 16342 | Lair:1   | Killed Maggie
 16691 | Lair:1   | Reached skill level 14 in Dodging
 16691 | Lair:1   | Reached skill level 10 in Spellcasting
 17188 | Lair:1   | Noticed a catoblepas
 17216 | Lair:1   | Killed a catoblepas
 17781 | Lair:2   | Noticed a four-headed hydra
 17793 | Lair:2   | Killed a four-headed hydra
 18040 | Lair:2   | Reached XP level 13. HP: 63/63 MP: 21/28
 18041 | Lair:2   | Reached skill level 15 in Dodging
 18400 | Lair:2   | Found a hole to the Spider Nest.
 19288 | Lair:3   | Found a staircase to the Shoals.
 19624 | Lair:3   | Reached skill level 16 in Dodging
 20525 | Lair:4   | Noticed Josephine
 20542 | Lair:4   | Killed Josephine
 21057 | Lair:4   | Reached skill level 17 in Dodging
 21095 | Lair:4   | Reached XP level 14. HP: 70/70 MP: 19/29
 21705 | Lair:5   | Entered Level 5 of the Lair of Beasts
 22655 | Lair:5   | Found a large runed translucent door.
 22729 | Lair:5   | Found a large runed translucent door.
 23016 | Lair:5   | Found a viscous altar of Jiyva.
 23024 | Lair:5   | Found a staircase to the Slime Pits.
 24441 | D:12     | Reached skill level 18 in Dodging
 24708 | D:12     | Found a staircase to the Orcish Mines.
 26119 | Orc:1    | Entered Level 1 of the Orcish Mines
 26151 | Orc:1    | Noticed Sonja
 26162 | Orc:1    | HP: 2/72 [orc knight/+1 long sword (21)]
 26577 | Orc:1    | Killed Sonja
 26769 | Orc:1    | Found Akhlit's Weapon Boutique.
 26835 | Orc:1    | Found Musois's Assorted Antiques.
 26894 | Orc:2    | Entered Level 2 of the Orcish Mines
 26894 | Orc:2    | Noticed Jorgrun
 26900 | Orc:2    | HP: 1/72 [Jorgrun/staff of earth (15)]
 26900 | Orc:2    | Constricted to death by Jorgrun
 26901 | Orc:2    | Reached XP level 13. HP: -1/68 MP: 23/28
 26901 | Orc:2    | Found a staircase to the Elven Halls.
 26949 | Orc:2    | Killed Jorgrun
 27927 | Orc:1    | Noticed Erica
 27927 | Orc:1    | Found Buiwucko's Armour Shoppe.
 27950 | Orc:1    | Found Oblur's Antique Armour Emporium.
 27956 | Orc:1    | Killed Erica
 27957 | Orc:1    | Reached XP level 14. HP: 72/72 MP: 14/29
 28677 | Orc:2    | Identified the +1 hat of Jieploh {Fly Str-3 Dex+2}
 28678 | Orc:2    | Identified the +3 hat of Spite {+Blink MP+9}
 28811 | Orc:2    | Noticed an orc warlord
 28835 | Orc:2    | Killed an orc warlord
 29129 | Orc:2    | Reached skill level 19 in Dodging
 29363 | Orc:2    | Noticed Blork the orc
 29371 | Orc:2    | Killed Blork the orc
 29466 | Orc:2    | Found Ulez's Antique Weapon Emporium.
 29470 | Orc:2    | Found Saotsio's Antique Armour Emporium.
 29559 | Orc:2    | Found Womoupir's General Store.
 29565 | Orc:2    | Bought a scroll of teleportation for 42 gold pieces
 29565 | Orc:2    | Bought a scroll of silence for 133 gold pieces
 29565 | Orc:2    | Bought a potion of haste for 140 gold pieces
 29671 | Orc:2    | Found Tasyim's Jewellery Emporium.
 29853 | Orc:2    | Bought the ring of Loufoumn {rC+ Will+} for 451 gold pieces
 29867 | Orc:2    | Bought a manual of Summonings for 880 gold pieces
 29875 | Orc:2    | Learned a level 5 spell: Arcjolt
 30057 | Spider:1 | Entered Level 1 of the Spider Nest
 30057 | Spider:1 | Noticed a broodmother
 30553 | D:13     | Found Cuejonn's Weapon Boutique.
 30568 | D:13     | Found Mousmec's Weapon Shop.
 30761 | D:13     | Reached skill level 1 in Conjurations
 30876 | D:13     | Found Fooqoob's Antique Armour Boutique.
 30956 | D:13     | Found Citisa's Antique Armour Boutique.
 31214 | D:13     | Found Uducs's Antique Armour Emporium.
 32429 | D:14     | Found a gate to the Vaults.
 32441 | D:14     | Collided with a rock wall
 32442 | D:14     | Reached XP level 13. HP: 0/68 MP: 18/28
 33064 | D:14     | Reached XP level 14. HP: 72/72 MP: 5/29
 34054 | D:15     | Entered Level 15 of the Dungeon
 34279 | D:15     | Reached skill level 5 in Conjurations
 34690 | Orc:2    | Bought a book of the Sky for 572 gold pieces
 34698 | Orc:2    | Learned a level 7 spell: Storm Form
 34715 | Elf:1    | Entered Level 1 of the Elven Halls
 34903 | Lair:2   | Bought a wand of roots (4) for 182 gold pieces
 34905 | Lair:2   | Bought a scroll of blinking for 300 gold pieces
 34928 | Lair:2   | Mangled by a jumping spider

Illustrated notes

Levels and vault maps discovered:
D:1:      minmay_arrival_diagonal_passages, layout_rooms
D:2:      layout_loops_ring, cheibrodos_gnoll_hut
D:3:      layout_loops_ring, serial_shops, nicolae_shop_behind_doors,
          minmay_statues_item
D:4:      layout_loops_corners, dk_yredelemnul_ordeal,
          minmay_temple_entry_mini_moons, uniq_natasha, uniq_crazy_yiuf_cottage
D:5:      layout_cave_pods, nicolae_uskayaw_en_pointe,
          fedhas_bush_and_centaur_altar, jmf_multi_god_temple, minmay_circle_x
D:6:      layout_loops_ring, serial_shops, nicolae_shop_rolling_square,
          ebering_ghost_rock_garden, portal_sewer_entry_d, uniq_duvessa
D:7:      layout_basic, mainiacjoe_overflow_small_starburst,
          hellmonk_ghost_happy_afterlife
D:8:      layout_cave_pools, vehumet_crystals, enter_bailey_2,
          kennysheep_generic_room_12
D:9:      layout_roguey, serial_shops, nicolae_shop_tiny_waterfront
D:10:     wad_crossroads, layout_stronghold, due_lair_maze_entry_diamond,
          serial_shops, shop
D:11:     nzn_winding_woodlands_large [nzn_winding_woodlands_5x5_open_star,
          nzn_winding_woodlands_5x15_crooked, nzn_winding_woodlands_5x5_three,
          nzn_winding_woodlands_center_triple_pond,
          nzn_winding_woodlands_15x15_boxy_spiral,
          nzn_winding_woodlands_center_garden,
          nzn_winding_woodlands_5x5_checkerboard,
          nzn_winding_woodlands_5x15_sidewinder,
          nzn_winding_woodlands_hourglass], layout_rooms, uniq_erolcha
D:12:     argonaut_augean_stables, layout_loops_ring, hiddenorc2_lemuel
D:13:     layout_irregular_city, serial_shops, nicolae_shop_tiny_waterfront,
          shop, nicolae_shop_waterfront, shop_coins, nicolae_square_shop
D:14:     layout_layer_cave, lightli_vaults_fourway_checkpoint,
          hangedman_decor_clover_reticule, minmay_strange_pillars
D:15:     grunt_enter_depths_magical_seal, layout_layer_cave
Temple:   nicolae_temple_no_exploring_needed
Lair:1:   layout_big_grid, beast_lair_carwin_6, serial_bayou_shore_a,
          uniq_maggie
Lair:2:   layout_gridlike, spider_nest_entry_web_field
Lair:3:   layout_roguey, nicolae_shoals_entry_flooding
Lair:4:   layout_gridlike, portal_ice_cave_entry_animals_and_master,
          grunt_megastairs_1, uniq_josephine
Lair:5:   cheibrodos_lair_end_hotspot, layout_regular_city,
          nicolae_slime_entry_field_trip, serial_bayou_shore_b
Spider:1: layout_cave_pods
Orc:1:    layout_diamond_mine, serial_shops, shop, shop, shop_statue, shop,
          uniq_erica, uniq_sonja
Orc:2:    grunt_orc_cross, layout_diamond_mine, hangedman_minor_magic,
          uniq_jorgrun
Elf:1:    eino_elf_arrival_customs, layout_loops_cross, hangedman_elf_disciples,
          door_vault

Skill      XL: |  1  2  3  4  5  6  7  8  9 10 11 12 13 14 |
---------------+-------------------------------------------+-----
Stealth        | 3 |  3.1
Dodging        | 3 4 5 6 7 9 11 12 14 17 19 | 19.0
Fighting       | 1 2 3 5 6 8 9 11 13 14 | 14.8
Hexes          | 1 2 3 4 5 |  5.0
Spellcasting   | 3 4 5 6 7 9 10 | 10.6
Summonings     | 5 6 7 9 10 11 14 | 14.6
Air Magic      | 1 3 4 6 7 8 |  8.9
Conjurations   | 4 5 |  5.2

Action                     |  1- 3 |  4- 6 |  7- 9 | 10-12 | 13-15 || total
---------------------------+-------+-------+-------+-------+-------++-------
  Melee: Unarmed           |    12 |    11 |    27 |    30 |    89 ||   169
         Punch             |     1 |       |       |     1 |     1 ||     3
         Bite              |     2 |     2 |     3 |     9 |    19 ||    35
   Cast: Summon Small Mamm |    38 |    35 |    48 |    44 |    44 ||   209
         Call Imp          |    14 |    16 |    23 |    39 |    42 ||   134
         Call Canine Famil |     6 |    22 |    32 |    73 |    94 ||   227
         Summon Guardian G |       |     4 |    26 |    54 |   106 ||   190
         Summon Lightning  |       |       |    14 |    51 |   165 ||   230
         Airstrike         |       |       |     4 |    18 |    10 ||    32
         Ozocubu's Armour  |       |       |       |       |     4 ||     4
 Invoke: Potion Petition   |       |       |       |     2 |     1 ||     3
         Call Merchant     |       |       |       |       |     4 ||     4
  Evoke: Wand              |       |       |       |    18 |    25 ||    43
         Phantom mirror    |       |       |       |       |     1 ||     1
    Use: Scroll            |       |       |    12 |    14 |    14 ||    40
         Potion            |       |       |       |     7 |     6 ||    13
   Stab: Sleeping          |     2 |       |     2 |     2 |       ||     6
         Distracted        |     1 |     1 |     1 |       |     4 ||     7
         Paralysed         |       |       |       |       |     1 ||     1
 Armour: Skin              |     2 |     1 |     2 |     4 |    15 ||    24
  Dodge: Dodged            |     9 |    24 |    61 |   186 |   328 ||   608
  Block: Other             |       |       |     3 |    42 |    56 ||   101
         Reflection        |       |       |       |     4 |    10 ||    14
